 Dungeon Crawl Stone Soup version 0.24.0-35-gdb84b6a5db (webtiles) character file.

Game seed: 16659512829965426244, levelgen mode: deterministic

14929 Nattfarinn the Fighter (level 12, -10/133 HPs)
             Began as an Ogre Berserker on Nov 19, 2019.
             Was an Elder of Trog.
             Mangled by a nine-headed hydra (15 damage)
             ... on level 13 of the Dungeon.
             The game lasted 00:24:33 (13410 turns).

Nattfarinn the Fighter (Ogre Berserker)            Turns: 13410, Time: 00:24:34

Health: -10/133    AC:  9    Str: 21    XL:     12   Next: 21%
Magic:  12/12      EV: 11    Int: 15    God:    Trog [****..]
Gold:   1402       SH:  0    Dex: 18    Spells: 11/11 levels left

rFire    . . .     SeeInvis +   N - +8 battleaxe "Hell-Harrower" {speed, rN+ Str-3 Dex+6 SInv}
rCold    . . .     Gourm    .   (shield currently unavailable)
rNeg     + . .     Faith    .   W - +0 troll leather armour
rPois    .         Spirit   .   (helmet restricted)
rElec    .         Reflect  .   A - +1 cloak
rCorr    .         Harm     .   (gloves unavailable)
MR       +....                  (boots unavailable)
Stlth    +.........             L - amulet of the acrobat
HPRegen  0.72/turn              i - +4 ring of dexterity
MPRegen  0.13/turn              C - +3 ring of intelligence

@: no status effects
A: large, unfitting armour, tough skin 1
a: Berserk, Trog's Hand, Brothers in Arms, Renounce Religion


You were on level 13 of the Dungeon.
You worshipped Trog.
Trog was greatly pleased with you.
You were not hungry.

You visited 1 branch of the dungeon, and saw 13 of its levels.

You collected 1402 gold pieces.

Inventory:

Hand Weapons
 N - the +8 battleaxe "Hell-Harrower" (weapon) {speed, rN+ Str-3 Dex+6 SInv}
   (You found it on level 9 of the Dungeon)

   Attacks with this weapon are significantly faster.
   It affects your strength (-3).
   It affects your dexterity (+6).
   It protects you from negative energy.
   It lets you see invisible.
Missiles
 Y - 9 large rocks (quivered)
Armour
 A - a +1 cloak (worn)
 W - a +0 troll leather armour (worn)
Jewellery
 i - a +4 ring of dexterity (left hand)
 r - an uncursed ring of protection from fire
 C - a +3 ring of intelligence (right hand)
 L - an amulet of the acrobat (around neck)
 M - an uncursed ring of protection from cold
 U - an uncursed amulet of magic regeneration
Wands
 n - a wand of polymorph (7)
 o - a wand of random effects (64)
 G - a wand of iceblast (20)
 S - a wand of scattershot (10)
 T - a wand of digging (5)
 V - a wand of flame (18)
 X - a wand of acid (12)
Scrolls
 a - a scroll of silence {unknown}
 d - 3 scrolls of noise {unknown}
 e - 5 scrolls of enchant armour
 f - 3 scrolls of enchant weapon {unknown}
 j - 6 scrolls of remove curse
 s - 3 scrolls of teleportation
 v - 2 scrolls of blinking {unknown}
 y - 3 scrolls of amnesia {unknown}
 E - a scroll of magic mapping {unknown}
 H - 3 scrolls of random uselessness {unknown}
 I - 2 scrolls of immolation {unknown}
Potions
 g - 5 potions of mutation
 k - a potion of cancellation {unknown}
 l - 7 potions of might
 p - a potion of magic {unknown}
 q - 9 potions of curing
 t - a potion of lignification {unknown}
 z - 4 potions of agility
 B - 2 potions of berserk rage
 D - a potion of heal wounds
 F - a potion of flight {unknown}
 J - a potion of ambrosia {unknown}
 K - 2 potions of haste
 O - 2 potions of resistance
 Q - 4 potions of brilliance
Miscellaneous
 P - a phantom mirror
Comestibles
 c - 17 rations


   Skills:
 + Level 12.9 Fighting
 + Level 6.4(8.2) Axes
   Level 7.2(8.2) Maces & Flails
 * Level 11.5 Armour
 - Level 2.7 Dodging


You had 11 spell levels left.
You didn't know any spells.
Your spell library contained the following spells:

 Spells                   Type           Power        Failure   Level  Hunger
 Sandblast                Erth           #.....       30%         1    ##.....
 Passwall                 Tmut/Erth      #.......     41%         2    ###....
 Stone Arrow              Conj/Erth      #.....       65%         3    ####...
 Petrify                  Tmut/Erth      #.......     96%         4    #####..
 Lee's Rapid Deconstruct  Erth           #.........   100%        5    ######.


Dungeon Overview and Level Annotations

Branches:
Dungeon (13/15)            Temple (0/1) D:4            Lair (0/6) D:9
    Orc (0/2) D:9
 Vaults: D:13-14

Altars:
Cheibriados
Elyvilon
Gozag
Hepliaklqana
Nemelex Xobeh
Okawaru
Qazlal
Trog
Uskayaw
Yredelemnul
The Shining One

Shops:
D:7 :   D:8 !   D:12 *

Portals:
Trove: D:13 (give 7 potions of agility)

Annotations:
D:11 exclusion: orange crystal statue
D:12 1 runed translucent door


Innate Abilities, Weirdness & Mutations

You are too large for most types of armour.
You have tough skin. (AC +1)


Message History

The nine-headed hydra bites you.
* * * LOW HITPOINT WARNING * * *
The nine-headed hydra barely misses you.
The nine-headed hydra bites you.
* * * LOW HITPOINT WARNING * * *
The nine-headed hydra bites you but does no damage.
The nine-headed hydra bites you!
* * * LOW HITPOINT WARNING * * *
The nine-headed hydra bites you.
* * * LOW HITPOINT WARNING * * *
The nine-headed hydra barely misses you.
You feel much better. The troll bites you.
* * * LOW HITPOINT WARNING * * *
The troll barely misses you. The troll misses you.
The orc warrior hits you from afar with a +0 trident!
* * * LOW HITPOINT WARNING * * *
The nine-headed hydra bites you!
* * * LOW HITPOINT WARNING * * *
The nine-headed hydra bites you!
You die...

#...# #.#.# #...# ##
###.#### ...
#######......## ....
..........##.## #...
####..###.#..#>##
#.o##.##..###.#.<....
.#..T@............#.#.
.<....##D#...###.#.##.#.
####....)....###........
.....##...#.......####.
#### ###.#######.# #.
#.# #.# #. ..# ###)#####
#.# #.....# # #.#
#.....# #


You could see a nine-headed hydra, a troll and an orc warrior.

Vanquished Creatures
  Snorg (D:12)
  2 two-headed ogres
  An unseen horror (D:13)
  2 cyclopes
  3 gargoyles
  An efreet (D:12)
  4 trolls
  5 slime creatures (D:13)
  A spriggan (D:11)
  2 hippogriffs (D:12)
  A vampire (D:12)
  Sigmund (D:6)
  A wraith (D:10)
  Grum (D:9)
  3 yaks (D:12)
  Eustachio (D:5)
  4 vampire mosquitoes (D:13)
  A hungry ghost (D:12)
  2 wargs (D:9)
  2 water moccasins
  4 orc warriors
  A black bear (D:8)
  7 sky beasts
  An eye of draining (D:11)
  A phantom (D:12)
  3 ogres
  2 wolves (D:9)
  The ghost of flea the Insei, an amateur DsFi of Okawaru (D:3)
  2 centaurs
  A crocodile (D:12)
  The ghost of VanClaymore the Insei, an amateur OpTm (D:3)
  2 big kobolds
  4 bullfrogs
  3 scorpions
  A water moccasin skeleton (D:11)
  3 killer bees (D:12)
  An electric eel (D:6)
  3 centaur zombies
  4 crimson imps
  5 hounds
  A quasit (D:12)
  A bullfrog zombie (D:9)
  4 jellies
  7 orc priests
  2 bullfrog skeletons
  5 centaur skeletons
  13 orc wizards
  Jessica (D:2)
  An iguana (D:7)
  6 worker ants
  3 hound skeletons
  A gnoll (D:5)
  8 adders
  A shadow imp (D:10)
  An adder skeleton (D:9)
  A worm (D:2)
  4 dart slugs
  4 leopard geckos
  40 orcs
  13 bats
  3 giant cockroaches
  5 goblins
  8 hobgoblins
  4 jackals (D:3)
  18 kobolds
  2 quokkas
  3 ball pythons
  7 frilled lizards
  A leopard gecko skeleton (D:6)
  6 rats
263 creatures vanquished.

Vanquished Creatures (others)
  A withered plant (D:3)
1 creature vanquished.

Grand Total: 264 creatures vanquished

Notes
Turn   | Place    | Note
-------+----------+-------------------------------------------
     0 | D:1      | Nattfarinn the Ogre Berserker began the quest for the Orb.
     0 | D:1      | Reached XP level 1. HP: 24/24 MP: 1/1
   368 | D:1      | Reached XP level 2. HP: 32/32 MP: 2/2
   769 | D:2      | Reached skill level 1 in Armour
   779 | D:2      | Reached XP level 3. HP: 31/40 MP: 3/3
   916 | D:2      | Found a basalt altar of Yredelemnul.
   916 | D:2      | Noticed Jessica
   931 | D:2      | Killed Jessica
   934 | D:2      | Reached XP level 4. HP: 25/49 MP: 4/4
  1250 | D:2      | Reached ** piety under Trog
  1494 | D:2      | Found a glowing golden altar of the Shining One.
  1815 | D:3      | Found a hide-covered altar of Uskayaw.
  2084 | D:3      | Found a snail-covered altar of Cheibriados.
  2127 | D:3      | Reached skill level 5 in Fighting
  2238 | D:3      | Reached XP level 5. HP: 50/57 MP: 5/5
  2424 | D:3      | Found a runed translucent gate.
  2425 | D:3      | Found a runed translucent gate.
  2433 | D:3      | Found a runed translucent gate.
  2433 | D:3      | Noticed flea's ghost (amateur DsFi)
  2433 | D:3      | Noticed VanClaymore's ghost (amateur OpTm)
  2604 | D:3      | Found a faded altar of an unknown god.
  2696 | D:3      | Found a bloodstained altar of Trog.
  2852 | D:3      | Killed flea's ghost
  2852 | D:3      | Reached XP level 6. HP: 65/66 MP: 6/6
  2854 | D:3      | Killed VanClaymore's ghost
  3601 | D:4      | Reached skill level 6 in Fighting
  3885 | D:4      | Reached XP level 7. HP: 75/75 MP: 7/7
  4107 | D:4      | Found a staircase to the Ecumenical Temple.
  4532 | D:5      | Entered Level 5 of the Dungeon
  5409 | D:5      | Noticed Eustachio
  5421 | D:5      | Killed Eustachio
  5423 | D:5      | Reached XP level 8. HP: 79/84 MP: 8/8
  5771 | D:5      | Reached skill level 7 in Fighting
  5771 | D:5      | Reached skill level 5 in Armour
  5905 | D:5      | Noticed a two-headed ogre
  5913 | D:5      | Killed a two-headed ogre
  5913 | D:5      | Reached skill level 8 in Fighting
  5913 | D:5      | Reached skill level 5 in Maces & Flails
  6065 | D:5      | Reached XP level 9. HP: 97/97 MP: 9/9
  6599 | D:6      | Noticed Sigmund
  6607 | D:6      | Killed Sigmund
  6928 | D:6      | Found a stormy altar of Qazlal.
  7753 | D:7      | Found a hazy altar of Hepliaklqana.
  7796 | D:7      | Reached *** piety under Trog
  7837 | D:7      | Reached skill level 9 in Fighting
  8050 | D:7      | Found Moshrit's Book Shop.
  8210 | D:7      | Found an iron altar of Okawaru.
  8301 | D:7      | Noticed a gargoyle
  8315 | D:7      | Killed a gargoyle
  8322 | D:7      | Reached XP level 10. HP: 24/110 MP: 10/10
  8939 | D:8      | Found Banelex's Distillery.
  9104 | D:8      | Reached skill level 10 in Fighting
  9392 | D:8      | Found an opulent altar of Gozag.
  9393 | D:8      | Found a sparkling altar of Nemelex Xobeh.
  9659 | D:9      | Found a white marble altar of Elyvilon.
  9750 | D:9      | Found a staircase to the Lair.
  9787 | D:9      | Noticed Grum
  9825 | D:9      | Killed Grum
 10250 | D:9      | Got a dazzling battleaxe
 10251 | D:9      | Identified the +8 battleaxe "Hell-Harrower" {speed, rN+
                  | Str-3 Dex+6 SInv} (You found it on level 9 of the Dungeon)
 10524 | D:9      | Found a staircase to the Orcish Mines.
 10536 | D:9      | Reached skill level 1 in Axes
 10925 | D:10     | Entered Level 10 of the Dungeon
 11667 | D:11     | Noticed a two-headed ogre
 11673 | D:11     | Killed a two-headed ogre
 11673 | D:11     | Reached skill level 11 in Fighting
 11704 | D:11     | Noticed an orange crystal statue
 11813 | D:11     | Reached XP level 11. HP: 119/120 MP: 11/11
 12101 | D:12     | Found Etinay's Assorted Antiques.
 12118 | D:12     | Reached skill level 10 in Armour
 12311 | D:12     | Noticed Snorg
 12325 | D:12     | Killed Snorg
 12341 | D:12     | Reached skill level 12 in Fighting
 12341 | D:12     | Reached skill level 5 in Axes
 12578 | D:12     | Found a glowing golden altar of the Shining One.
 12578 | D:12     | Noticed an angel
 12579 | D:12     | Found a runed translucent door.
 12718 | D:12     | Noticed a cyclops
 12728 | D:12     | Killed a cyclops
 12994 | D:13     | Reached **** piety under Trog
 13060 | D:13     | Noticed an unseen horror
 13070 | D:13     | Killed an unseen horror
 13091 | D:13     | Noticed a cyclops
 13100 | D:13     | Killed a cyclops
 13106 | D:13     | Reached XP level 12. HP: 78/133 MP: 12/12
 13218 | D:13     | Found a portal to a secret trove of treasure.
 13399 | D:13     | Noticed an eight-headed hydra
 13410 | D:13     | HP: 5/133 [nine-headed hydra (7)]
 13410 | D:13     | Mangled by a nine-headed hydra

Levels and vault maps discovered:
D:1:      matt_arrival_spirals, layout_loops_corners
D:2:      layout_basic, overflow_temple_1_default,
          nicolae_tso_swordbearing_angel, uniq_jessica
D:3:      layout_loops_ring, bloody_trog, lemuel_doored_altar,
          overflow_temple_1_default, chequers_ecumenical_altar_grove,
          gammafunk_ghost_cemetery
D:4:      layout_basic, minmay_temple_entry_statues_pillars
D:5:      minmay_polygon_palace, layout_layer_cave, first_ration, uniq_eustachio
D:6:      layout_gridville, kennysheep_mini_moat, nicolae_lava_and_water,
          minivault_10, lightli_corner_chamber, uniq_sigmund
D:7:      layout_loops_ring, lemuel_round_altar, overflow_temple_1_default,
          serial_shops, kennysheep_mini
D:8:      layout_gridville, grunt_temple_overflow_opulence, serial_shops, shop
D:9:      layout_long_grid, elyvilon_altar_5, lair_entry_dummy,
          minmay_orc_entry_guard_dogs, uniq_grum
D:10:     layout_gridville
D:11:     layout_basic, the_bakery, minivault_15
D:12:     layout_irregular_city, serial_shops, nicolae_shop_trees,
          lemuel_angel_altar, uniq_snorg
D:13:     layout_loops_cross, enter_trove_1

Skill      XL: |  1  2  3  4  5  6  7  8  9 10 11 |
---------------+----------------------------------+-----
Armour         | 1 2 3 4 6 8 9 11 | 11.5
Maces & Flails | 3 4 5 6 7 |  7.2
Fighting       | 5 6 8 9 11 12 | 12.9
Axes           | 3 6 |  6.4
Dodging        | |  2.7

Action                   |  1- 3 |  4- 6 |  7- 9 | 10-12 || total
-------------------------+-------+-------+-------+-------++-------
Melee: Mace              |    16 |       |       |       ||    16
       Spear             |    38 |    55 |       |       ||    93
       Short sword       |       |   164 |    64 |       ||   228
       Flail             |       |       |   196 |    83 ||   279
       Battleaxe         |       |       |       |   255 ||   255
       Halberd           |       |       |       |    10 ||    10
Invok: Berserk           |     1 |     3 |     7 |     9 ||    20
       Trog's Hand       |       |     2 |     6 |     7 ||    15
  Use: Scroll            |       |     1 |       |    12 ||    13
       Potion            |       |       |     1 |     2 ||     3
 Stab: Sleeping          |       |     2 |       |     3 ||     5
       Distracted        |       |     1 |       |     1 ||     2
  Eat: Chunk             |       |    10 |    18 |    24 ||    52
       Ration            |       |     1 |     1 |     2 ||     4
Armor: Animal skin       |    24 |    57 |   101 |    94 ||   276
       Troll leather arm |       |       |       |    46 ||    46
Dodge: Dodged            |    29 |   121 |   122 |   251 ||   523
